 Dungeon Crawl Stone Soup version 0.20.0-10-g0535bb4 (webtiles) character file.

259 Hook the Digger (level 6, -3/44 HPs)
             Began as a Formicid Earth Elementalist on June 6, 2017.
             Slain by Dowan
             ... wielding a +2 dagger of venom
              (5 damage)
             ... on level 4 of the Dungeon.
             The game lasted 00:14:49 (3074 turns).

Hook the Digger (Formicid Earth Elementalist)       Turns: 3074, Time: 00:14:50

Health: -3/44      AC:  4    Str: 13    XL:     6   Next: 40%
Magic:  5/12       EV: 12    Int: 16    God:
Gold:   187        SH:  0    Dex: 11    Spells: 8/14 levels left

rFire    . . .     SeeInvis +   g - +2 dagger (venom)
rCold    . . .     Gourm    .   (no shield)
rNeg     . . .     Faith    .   c - +0 robe
rPois    .         Spirit   .   (helmet unavailable)
rElec    .         Reflect  .   j - +1 cloak
rCorr    .         Harm     .   (no gloves)
MR       .....                  (no boots)
Stlth    ++........             (no amulet)
Regen    0.2/turn               k - ring of flight
MPRegen  0.2/turn               (no ring)

@: lethally poisoned (-3 -> -24)
A: permanent stasis, dig shafts and tunnels, four strong arms, antennae 3
a: Dig, Shaft Self, Evoke Flight


You were on level 4 of the Dungeon.
You were not hungry.

You visited 1 branch of the dungeon, and saw 4 of its levels.

You collected 187 gold pieces.

Inventory:

Hand Weapons
 g - a +2 dagger of venom (weapon)
Missiles
 b - 45 stones (quivered)
Armour
 c - a +0 robe (worn)
 j - a +1 cloak (worn)
Jewellery
 k - a ring of flight (left hand)
Wands
 f - a wand of polymorph (8/24)
 s - a wand of disintegration (16/24)
Scrolls
 l - a scroll of identify
 o - 3 scrolls of remove curse
 p - 2 scrolls of amnesia {unknown}
 r - a scroll of random uselessness {unknown}
Potions
 h - a potion of haste {unknown}
 i - a potion of ambrosia {unknown}
 n - a potion of curing {unknown}
 q - a potion of mutation {unknown}
 t - a potion of degeneration {unknown}
Books
 e - a book of Geomancy

   Spells                             Type                      Level
   a - Sandblast                      Earth                        1
   b - Passwall                       Transmutation/Earth          2
   c - Stone Arrow                    Conjuration/Earth            3
   d - Petrify                        Transmutation/Earth          4
   e - Lee's Rapid Deconstruction     Earth                        5
Comestibles
 d - 3 bread rations
 m - 2 meat rations


   Skills:
 * Level 2.0 Fighting
 + Level 2.0 Dodging
 + Level 2.5 Stealth
 + Level 0.2 Unarmed Combat
 * Level 4.5 Spellcasting
 + Level 1.1 Transmutations
 * Level 5.6 Earth Magic


You had 8 spell levels left.
You knew the following spells:

 Your Spells              Type           Power        Failure   Level  Hunger
a - Sandblast             Erth           ###...       1%          1    None
b - Passwall              Tmut/Erth      ##........   6%          2    ##.....
c - Stone Arrow           Conj/Erth      ##....       16%         3    ###....


Dungeon Overview and Level Annotations

Branches:
Dungeon (4/15)
 Temple: D:4-7

Altars:
Fedhas
Okawaru

Annotations:
D:4 Dowan, Duvessa, Menkaure


Innate Abilities, Weirdness & Mutations

You cannot be hasted, slowed, berserked, paralysed or teleported.
You can dig through walls and to a lower floor.
Your four strong arms can wield two-handed weapons with a shield.
You have a pair of large antennae on your head. (SInv)


Message History

Menkaure is moderately damaged.
b - 45 stones You feel sick.
Menkaure casts a spell at you. Pain shoots through your body!
Dowan hits you but does no damage.
You are more poisoned.
Unknown command.
Casting: Sandblast
Confirm with . or Enter, or press ? or * to list all spells.
Which direction?
You feel sick. Menkaure hits you!
* * * LOW HITPOINT WARNING * * *
Dowan hits you with a dagger of venom.
* * * LOW HITPOINT WARNING * * *
You are more poisoned.
Duvessa barely misses you.
You begin to meditate on the wall.
You continue meditating on the rock.
* * * LOW HITPOINT WARNING * * *
You feel sick. Dowan hits you with a dagger of venom.
You die...

{{ {{ ### #+# ####
#..##.###..# . #
#....Me....##### #. #
#....@#.e..##..### .##
#..##e###..##....# ..
#..##.#.#..##....# #
#..........##...## #
#......#...##...# #
#......#........##+###
#......#........#...##
#......#...##...##..##
#########..###+###...'


You could see Duvessa, Menkaure and Dowan.

Vanquished Creatures
  An ogre (D:4)
  An orc priest (D:3)
  Robin (D:3)
  2 adders
  2 worms
  4 dart slugs
  2 leopard geckos (D:2)
  5 orcs (D:3)
  8 bats
  4 giant cockroaches
  22 goblins
  19 hobgoblins
  A quokka (D:3)
  A ball python (D:1)
  A frilled lizard (D:2)
  5 kobolds
  7 rats
86 creatures vanquished.

Notes
Turn   | Place    | Note
-------+----------+-------------------------------------------
     0 | D:1      | Hook the Formicid Earth Elementalist began the quest for the Orb.
     0 | D:1      | Reached XP level 1. HP: 13/13 MP: 3/3
   343 | D:1      | Reached skill level 4 in Earth Magic
   343 | D:1      | Reached XP level 2. HP: 18/19 MP: 1/5
   544 | D:1      | Learned a level 2 spell: Passwall
   732 | D:1      | Reached XP level 3. HP: 18/24 MP: 2/6
  1128 | D:2      | Found an iron altar of Okawaru.
  1197 | D:2      | Reached XP level 4. HP: 27/31 MP: 2/8
  1264 | D:2      | Reached skill level 1 in Fighting
  1410 | D:2      | Learned a level 3 spell: Stone Arrow
  1497 | D:2      | Found a blossoming altar of Fedhas.
  2003 | D:3      | Reached XP level 5. HP: 37/37 MP: 10/10
  2188 | D:3      | Noticed Robin
  2231 | D:3      | Reached skill level 5 in Earth Magic
  2328 | D:3      | Killed Robin
  2817 | D:4      | Noticed an ogre
  2877 | D:4      | Killed an ogre
  2877 | D:4      | Reached XP level 6. HP: 44/44 MP: 5/12
  3060 | D:4      | Noticed Menkaure
  3060 | D:4      | Noticed Duvessa
  3071 | D:4      | Noticed Dowan
  3074 | D:4      | HP: 2/44 [poisoned by Dowan]
  3074 | D:4      | Slain by Dowan

Skill      XL: |  1  2  3  4  5 |
---------------+----------------+-----
Earth Magic    | 4 5 |  5.6
Fighting       | 1 2 |  2.0
Spellcasting   | 3 4 |  4.5
Dodging        | 2 |  2.0
Stealth        | |  2.5
Unarmed Combat | |  0.2
Transmutations | |  1.1

Action                   |  1- 3 |  4- 6 || total
-------------------------+-------+-------++-------
Melee: Unarmed           |    13 |       ||    13
       Dagger            |    30 |    48 ||    78
Throw: Stone             |     1 |     1 ||     2
 Cast: Sandblast         |    32 |    52 ||    84
       Passwall          |       |     9 ||     9
       Stone Arrow       |       |     3 ||     3
 Abil: Dig               |     7 |    10 ||    17
  Use: Scroll            |       |     4 ||     4
 Stab: Sleeping          |       |     3 ||     3
  Eat: Chunk             |     2 |     8 ||    10
Armor: Robe              |    15 |    12 ||    27
Dodge: Dodged            |    36 |    40 ||    76
